 Dungeon Crawl Stone Soup version 0.31-a0-1278-g11c5b68f87 (webtiles) character file.

Game seed: 4083146890962582454

1576633 Daunt the Eclecticist (level 27, 204/204 (214) HPs)
             Began as a Formicid Earth Elementalist on Dec 15, 2023.
             Was the Champion of Vehumet.
             Escaped with the Orb
             ... and 3 runes on Dec 18, 2023!
             The game lasted 09:18:51 (75046 turns).

Daunt the Eclecticist (FoEE)                       Turns: 75046, Time: 09:18:51

HP:   204/204 (214) AC: 23    Str: 23    XL:     27
MP:   46/46         EV: 25    Int: 28    God:    Vehumet [******]
Gold: 5090          SH: 19    Dex: 18    Spells: 6/64 levels left

rFire   + . .        a - staff of the Warrior {rElec Dex+4 Tloc Tmut Earth}
rCold   + . .        I - +5 kite shield
rNeg    + + .        v - +2 acid dragon scales of the Sun {rN++ Regen+ rCorr Slay-4}
rPois   .            (helmet unavailable)
rElec   +            b - +2 cloak {Stlth+}
rCorr   +            S - +2 pair of gloves {Stlth+}
SInv    +            n - +2 pair of boots {Fly}
Will    ++...        k - amulet of magic regeneration
Stlth   ++           j - ring of Yrote {rC+ EV+5 Str+2}
HPRegen 1.34/turn    u - ring of Laloz {rF+ Str+4 Int+3}
MPRegen 0.70/turn

%: no passive effects
@: flying, lightly drained
A: permanent stasis, dig shafts and tunnels, antennae 3, four strong arms,
subdued magic 1
0: Orb of Zot
}: 3/15 runes: barnacled, slimy, gossamer
a: Dig, Shaft Self, Renounce Religion


You escaped.
You worshipped Vehumet.
Vehumet was exalted by your worship.
You visited 10 branches of the dungeon, and saw 51 of its levels.
You visited 1 bazaar.
You also visited: Ossuary.

You collected 7843 gold pieces.
You spent 2753 gold pieces at shops.

Inventory:

Missiles
 f - 13 throwing nets
 y - 72 poisoned darts
 z - 12 curare-tipped darts
 V - 4 darts of dispersal
 Y - 5 datura-tipped darts
 Z - 18 atropa-tipped darts
Armour
 b - a +2 cloak of stealth (worn)
 n - a +2 pair of boots of flying (worn)
 v - the +2 acid dragon scales of the Sun (worn) {rN++ Regen+ rCorr Slay-4}
   (You found it on level 5 of the Pits of Slime)

   Slay-4:    It affects your accuracy & damage with ranged weapons and melee
   (-4).
   rN++:      It greatly protects you from negative energy.
   Regen+:    It increases your rate of health regeneration.
   rCorr:     It protects you from acid and corrosion.
 G - the +5 ring mail of the Pits of Slime {rC+ rN+ Slay-3 SInv}
   (You found it on level 4 of the Spider Nest)

   Slay-3:    It affects your accuracy & damage with ranged weapons and melee
   (-3).
   rC+:       It protects you from cold.
   rN+:       It protects you from negative energy.
   SInv:      It lets you see invisible.
 I - a +5 kite shield (worn)
 S - a +2 pair of gloves of stealth (worn)
Magical Staves
 a - the staff of the Warrior (weapon) {rElec Dex+4 Tloc Tmut Earth}
   (You acquired it on level 6 of the Dungeon)

   [staff of earth]

   Base accuracy: +5 Base damage: 5 Base attack delay: 1.2 This weapon's minimum
   attack delay (0.6) is reached at skill level 12.
   Dex+4:     It affects your dexterity (+4).
   rElec:     It insulates you from electricity.
   Tloc:      It increases the power of your Translocations spells.
   Tmut:      It increases the power of your Transmutations spells.
   Earth:     It increases the power of your Earth spells.
   It falls into the 'Staves' category.
   It is a weapon for one hand-pair.
Jewellery
 j - the ring of Yrote (left hand) {rC+ EV+5 Str+2}
   (You took it off a deep elf blademaster on level 3 of the Elven Halls)

   [ring of evasion]

   EV+5:      It affects your evasion (+5).
   Str+2:     It affects your strength (+2).
   rC+:       It protects you from cold.
 k - an amulet of magic regeneration (around neck)
 t - a ring of protection from fire
 u - the ring of Laloz (right hand) {rF+ Str+4 Int+3}
   (You bought it in a shop on level 3 of the Dungeon)

   [ring of protection from fire]

   Str+4:     It affects your strength (+4).
   Int+3:     It affects your intelligence (+3).
   rF+:       It protects you from fire.
 E - the ring "Qoeliph" {rElec rPois rN+ Slay-2}
   (You found it on level 5 of the Pits of Slime)

   [ring of poison resistance]

   Slay-2:    It affects your accuracy & damage with ranged weapons and melee
   (-2).
   rElec:     It insulates you from electricity.
   rPois:     It protects you from poison rN+: It protects you from negative
   energy.
 O - a ring of willpower
Wands
 l - a wand of iceblast (11)
 D - a wand of digging (13)
 F - a wand of quicksilver (50)
 K - a wand of mindburst (7)
 X - a wand of paralysis (17)
Scrolls
 d - 2 scrolls of silence
 p - 3 scrolls of butterflies
 s - 9 scrolls of fog
 x - 9 scrolls of poison
 B - 10 scrolls of vulnerability
 C - 5 scrolls of enchant armour
 H - 6 scrolls of immolation
 J - 5 scrolls of fear
 Q - 4 scrolls of amnesia
 U - 2 scrolls of revelation
Potions
 e - 13 potions of curing
 m - 2 potions of brilliance
 o - 12 potions of lignification
 r - 4 potions of attraction
 w - 8 potions of enlightenment
 A - 4 potions of invisibility
 L - 2 potions of magic
 M - 9 potions of ambrosia
 N - a potion of resistance
 P - 2 potions of cancellation
 T - 6 potions of heal wounds
 W - 8 potions of mutation
Miscellaneous
 c - a phial of floods
 g - a box of beasts
 h - a phantom mirror
 i - a lightning rod (4/4)


   Skills:
 - Level 17.0 Fighting
 - Level 16.3 Armour
 - Level 14.3 Dodging
 - Level 9.0 Stealth
 - Level 15.0 Shields
 + Level 19.0 Spellcasting
 - Level 18.1 Conjurations
 + Level 18.2 Summonings
 - Level 15.0 Translocations
 - Level 6.0 Transmutations
 - Level 13.0 Earth Magic
 - Level 10.0 Evocations


You had 6 spell levels left.
You knew the following spells:

 Your Spells              Type           Power      Damage    Failure   Level
a - Sandblast             Erth           100%       2d20      0%          1
b - Brom's Barrelling Bo  Conj/Erth      93%        2d10      0%          4
c - Lehudib's Crystal Sp  Conj/Erth      46%        10d11     7%          8
d - Bombard               Conj/Erth      46%        9d8       1%          6
e - Dispersal             Tloc           45%        N/A       1%          6
g - Passage of Golubria   Tloc           91%        N/A       1%          4
l - Lee's Rapid Deconstr  Erth           43%        3d21*     1%          5
m - Malign Gateway        Summ/Tloc      47%        N/A       1%          7
p - Passwall              Tmut/Erth      79%        N/A       1%          2
r - Irradiate             Conj/Tmut      41%        3d25      1%          5
s - Stone Arrow           Conj/Erth      100%       3d13      0%          3
v - Spellforged Servitor  Conj/Summ      39%        N/A       1%          7

Your spell library contained the following spells:

 Spells                   Type           Power      Damage    Failure   Level
 Magic Dart               Conj           100%       1d8       0%          1
 Call Imp                 Summ           100%       N/A       0%          2
 Lesser Beckoning         Tloc           100%       N/A       0%          2
 Momentum Strike          Conj/Tloc      100%       3d10      0%          2
 Searing Ray              Conj           100%       2d8       0%          2
 Gell's Gravitas          Tloc           91%        N/A       0%          3
 Teleport Other           Tloc           91%        N/A       0%          3
 Iskenderun's Mystic Bla  Conj/Tloc      95%        2d18      0%          4
 Iskenderun's Battlesphe  Conj           78%        2d13      0%          5
 Freeze                   Ice            80%        1d9       1%          1
 Sting                    Tmut/Pois      100%       1d8       1%          1
 Poisonous Vapours        Pois/Air       40%        N/A       1%          2
 Static Discharge         Conj/Air       100%       3-8/arc   1%          2
 Wereblood                Tmut           62%        N/A       1%          2
 Dazzling Flash           Conj/Hex       100%       N/A       1%          3
 Frozen Ramparts          Ice            40%        1d7       1%          3
 Hailstorm                Conj/Ice       56%        3d11      1%          3
 Ignite Poison            Fire/Tmut/Pois 43%        N/A       1%          3
 Inner Flame              Hex/Fire       20%        N/A       1%          3
 Mephitic Cloud           Conj/Pois/Air  46%        N/A       1%          3
 Volatile Blastmotes      Fire/Tloc      100%       2d18      1%          3
 Animate Armour           Summ/Erth      100%       N/A       1%          4
 Dimensional Bullseye     Hex/Tloc       34%        N/A       1%          4
 Flame Wave               Conj/Fire      56%        2d13      1%          4
 Fulminant Prism          Conj/Hex       28%        3d14      1%          4
 Petrify                  Tmut/Erth      95%        N/A       1%          4
 Sticky Flame             Conj/Fire      56%        2d7       1%          4
 Summon Ice Beast         Ice/Summ       56%        N/A       1%          4
 Summon Lightning Spire   Summ/Air       56%        N/A       1%          4
 Arcjolt                  Conj/Air       28%        1d38      1%          5
 Fireball                 Conj/Fire      28%        3d12      1%          5
 Freezing Cloud           Conj/Ice/Air   23%        6-21      1%          5
 Summon Forest            Summ/Tloc      47%        N/A       1%          5
 Summon Mana Viper        Hex/Summ       56%        N/A       1%          5
 Summon Cactus Giant      Summ           39%        N/A       1%          6
 Conjure Ball Lightning   Conj/Air       28%        3x3d8     2%          6
 Cigotuvi's Dreadful Rot  Necr/Pois/Air  40%        N/A       3%          2
 Jinxbite                 Hex            40%        N/A       3%          2
 Sublimation of Blood     Necr           20%        N/A       3%          2
 Borgnjor's Vile Clutch   Necr/Erth      32%        N/A       4%          5
 Yara's Violent Unravell  Hex/Tmut       25%        3d11      5%          5
 Airstrike                Air            10%        2d(2-18)  6%          4
 Olgreb's Toxic Radiance  Pois           20%        N/A       6%          4
 Confusing Touch          Hex            20%        N/A       7%          3
 Ozocubu's Armour         Ice            20%        N/A       7%          3
 Tukima's Dance           Hex            20%        N/A       7%          3
 Alistair's Intoxication  Tmut/Pois      33%        N/A       19%         5
 Anguish                  Hex/Necr       10%        N/A       22%         4
 Animate Dead             Necr           20%        N/A       22%         4
 Cause Fear               Hex            10%        N/A       22%         4
 Dispel Undead            Necr           20%        3d11      22%         4
 Eringya's Noxious Bog    Tmut/Pois      25%        4d6       28%         6
 Agony                    Necr           20%        N/A       54%         5
 Silence                  Hex/Air        10%        N/A       54%         5
 Plasma Beam              Fire/Air       10%        2x1d21    65%         6
 Death Channel            Necr           10%        N/A       98%         6
 Monstrous Menagerie      Summ           39%        N/A       1%          7
 Orb of Destruction       Conj           39%        9d11      1%          7
 Summon Hydra             Summ           39%        N/A       1%          7
 Summon Horrible Things   Summ           39%        N/A       8%          8
 Disjunction              Tloc           45%        N/A       32%         8
 Dragon's Call            Summ           39%        N/A       80%         9
 Shatter                  Erth           43%        3d33*     95%         9
 Ozocubu's Refrigeration  Ice            10%        4d9       99%         7
 Enfeeble                 Hex            10%        N/A       100%        7
 Discord                  Hex            10%        N/A       100%        8
 Ignition                 Fire           10%        3d5       100%        8
 Chain Lightning          Conj/Air       28%        3d37      100%        9
 Fire Storm               Conj/Fire      28%        8d7       100%        9
 Blink                    Tloc           Unusable   N/A       N/A         2
 Vhi's Electric Charge    Tloc/Air       Unusable   N/A       N/A         4

Dungeon Overview and Level Annotations

Branches:
Dungeon (15/15)            Temple (0/1) D:7            Lair (5/5) D:10
 Shoals (4/4) Lair:2       Spider (4/4) Lair:2        Slime (5/5) Lair:4
    Orc (2/2) D:9             Elf (3/3) Orc:2        Vaults (4/5) D:14
  Crypt (0/3) Vaults:3     Depths (4/4) D:15            Zot (5/5) Depths:4
Ossuary (visited)

Altars:
Ashenzari
Dithmenos
Elyvilon
Fedhas
Kikubaaqudgha
Makhleb
Qazlal
Ru
Trog
Uskayaw
Vehumet
Wu Jian
Xom
Yredelemnul
Jiyva

Shops:
D:2 [   D:3 =   D:11 :   D:14 (   D:15 (?[:(   Orc:2 :*:=   Elf:3 ?
Shoals:2 (   Vaults:2 [[

Portals:
Hell: Depths:1 Depths:2 Depths:3 Depths:4
Abyss: Depths:1 Depths:3
Pandemonium: Depths:2
Ziggurat: Depths:1
Trove: Vaults:3 (give 14 potions of curing)

Annotations:
D:3 1 runed translucent door, Crazy Yiuf
Depths:2 2 transporters


Innate Abilities, Weirdness & Mutations

You cannot be hasted, slowed, berserked, paralysed or teleported.
You can dig through walls and to a lower floor.
You have a pair of large antennae on your head. (SInv)
Your four strong arms can wield two-handed weapons with a shield.
Your spells are a little easier to cast, but a little less powerful.


Message History

There is a stone staircase leading up here.
You fly upwards.
There is a stone staircase leading down here.
Magic restored.
Things that are here:
a +0 leather armour; a +0 short sword
Things that are here:
a +0 chain mail; a +0 hand axe You see here a +0 hand axe.
Things that are here:
a +0 club; a +0 robe; a +0 dagger
There is a stone staircase leading up here.
You fly upwards.
Level annotation: 1 runed translucent door, Crazy Yiuf
There is a stone staircase leading down here.
You sense a monster nearby.
A sixfirhy, a large abomination and an ice devil come into view.
Press: ? - help, v - describe, . - travel
Here: an ice devil (flame, wandering, hasn't noticed you)
The floor.
Unknown command.
The ice devil moves out of view.
Unknown command.
The sixfirhy closely misses you.
There is a stone staircase leading up here.
You fly upwards.
There is a stone staircase leading down here.
There is a stone staircase leading up here.
You fly upwards.
There is a stone staircase leading down here.
Unknown command.
Unknown command.
There is an open door here.
You extend your mandibles.
You dig through the rock wall.
You feel drained.
You dig through the rock wall.
You feel drained.
You retract your mandibles.
There is a staircase leading out of the dungeon here.
You can't go down here!
You have escaped!

.........# #...##...######.#..
.........# #...##...######.#.#
.........### #...##........#.#..
...........####...##......#.#.###
#.########........##.####.#.#.# #
#.# ##...>...##.# #)#.#.# # #.#
#.......##.####.#.#)# # #.#
#####...##..........# #.#
#.@.2......##.#.### #.#
#...##............. #.#
######........#..## #.#
##....##.#..## #.# #....##.#....
#.# #....##.#.##. ..#######
#....##.#.### ........#
#....##.#.# #######.# #######.#.#


You could see a blizzard demon.

Vanquished Creatures
  the Royal Jelly (Slime:5)
  4 dread liches
  Mennas (Vaults:4)
  2 orbs of fire
  Josephina (Depths:3)
  Bai Suzhen (Spider:4)
  4 Killer Klowns
  6 caustic shrikes
  4 golden dragons
  Nikola (Spider:4)
  Arachne (Spider:3)
  2 electric golems
  6 tentacled monstrosities
  8 Orb Guardians (Zot:5)
  A lich (Depths:2)
  A quicksilver dragon (Zot:5)
  A deep elf blademaster (Elf:3)
  11 acid blobs
  2 death cobs
  Kirke (D:13)
  Frances (D:13)
  A shadow dragon (Zot:4)
  3 storm dragons
  Polyphemus (Shoals:2)
  A tengu reaver (Vaults:1)
  6 azure jellies (Slime:5)
  2 fire giants
  9 rockslimes
  2 protean progenitors
  5 deep elf sorcerers
  2 draconian monks
  4 draconian scorchers
  A draconian shifter (Zot:1)
  6 emperor scorpions
  4 draconian knights
  2 deep elf elementalists
  5 ghost moths
  8 vault wardens
  A draconian annihilator (Zot:5)
  8 frost giants
  9 ironbound preservers
  An orc warlord (Vaults:1)
  5 stone giants
  5 quicksilver oozes
  A spriggan defender (Depths:3)
  A broodmother (Spider:4)
  A formless jellyfish (Vaults:1)
  2 war gargoyles (Vaults:1)
  2 green draconians
  A very ugly thing (Depths:3)
  A vampire knight (Depths:1)
  2 ironbound thunderhulks (Vaults:2)
  A deep elf demonologist (Elf:3)
  2 deep elf death magi (Elf:3)
  5 white draconians
  A deep elf annihilator (Elf:3)
  2 dire elephants (Vaults:2)
  5 purple draconians
  7 red draconians
  2 yellow draconians
  7 spark wasps
  A crystal guardian (Vaults:3)
  7 ettins
  A quicksilver dragon zombie (D:15)
  4 merfolk javelineers
  A fire dragon (Depths:4)
  A spectral kraken (Shoals:4)
  2 deep elf high priests (Elf:3)
  4 entropy weavers
  6 merfolk impalers
  A rakshasa (D:15)
  4 yaktaur captains
  A peacekeeper (Vaults:3)
  4 great orbs of eyes
  4 ice dragons
  3 hydras
  An ironbound frostheart (Vaults:1)
  A ghost crab (Shoals:4)
  2 jorogumos
  A merfolk avatar (Shoals:4)
  A sphinx zombie (Depths:2)
  A satyr (Shoals:4)
  3 catoblepae
  5 centaur warriors
  5 merfolk aquamancers
  6 death yaks
  5 radroaches
  18 boulder beetles
  10 two-headed ogres
  8 dancing weapons
  5 deep troll shamans
  3 orc high priests (Orc:2)
  6 tengu warriors
  A sphinx skeleton (D:15)
  4 vampire magi
  9 demonic crawlers
  2 hell hogs
  A spriggan (Depths:4)
  A hell knight (Depths:3)
  4 deep elf knights
  A spriggan berserker (Depths:4)
  A soul eater (Depths:4)
  4 pharaoh ants
  3 sun demons
  5 iron trolls
  A spark wasp zombie (D:15)
  31 deep trolls
  3 skysharks
  5 skeletal warriors
  3 glowing orange brains
  13 orb spiders
  15 steelbarb worms
  An orb spider (shapeshifter) (Depths:3)
  5 deep elf archers
  A flayed ghost (Depths:2)
  A phantasmal warrior (Depths:4)
  4 sea snakes
  5 arcanists
  A golden dragon skeleton (Depths:2)
  Pikel (D:6)
  24 harpies
  2 necromancers
  9 lindwurms
  9 deep elf pyromancers
  13 deep elf zephyrmancers
  8 orc knights
  6 ironbound convokers
  2 orange crystal statues
  A shining eye (Slime:3)
  An oklob plant (Lair:3)
  A sphinx simulacrum (Depths:3)
  9 cyclopes
  3 orc sorcerers (Orc:2)
  A stone giant zombie (Vaults:2)
  11 manticores
  12 elephants
  23 wolf spiders
  A salamander (Depths:3)
  10 fauns
  13 moths of wrath
  12 ugly things
  10 merfolk sirens
  5 kobold blastminers
  43 slime creatures
  7 water nymphs
  An eye of devastation (Depths:3)
  A frost giant skeleton (Depths:2)
  3 black mambas
  An ice statue (Spider:4)
  Joseph (D:7)
  A guardian serpent (Lair:1)
  12 torpor snails
  7 vault sentinels
  2 unseen horrors (D:12)
  2 hellions
  A gargoyle (D:13)
  A spectral sea snake (Shoals:4)
  11 cane toads
  9 rime drakes
  8 komodo dragons
  A kobold demonologist (D:12)
  Jeremiah (D:7)
  A tormentor (Depths:2)
  A golden dragon simulacrum (Depths:3)
  2 efreet
  A tengu conjurer (D:14)
  10 yaktaurs
  A meliai (shapeshifter) (D:13)
  4 polar bears
  28 merfolk
  5 trolls
  8 hornets
  4 tyrant leeches
  7 wind drakes
  29 tarantellas
  8 blink frogs (Lair:5)
  2 centaur simulacra (D:15)
  7 dream sheep
  A spectral wind drake (Shoals:4)
  Sigmund (D:4)
  8 snapping turtles
  2 air elementals
  25 jumping spiders
  4 shadows
  28 culicivoras
  A culicivora (shapeshifter) (Elf:3)
  5 wyverns
  18 water elementals
  2 vampires
  36 yaks
  4 wraiths
  7 basilisks
  2 hogs (D:13)
  6 golden eyes
  2 steam dragons
  61 redbacks
  14 vampire mosquitoes
  4 wargs
  3 acid dragons
  A hell hound (Depths:3)
  10 water moccasins
  8 ice beasts
  A meliai simulacrum (D:14)
  2 sky beasts
  15 orc warriors
  9 ogres
  8 centaurs
  8 wolves
  2 lemures (D:6)
  4 kobold brigands
  A human zombie (Vaults:2)
  15 bullfrogs
  An earth elemental (Elf:2)
  5 gnoll sergeants
  5 scorpions
  5 wights (D:9)
  7 killer bees
  An electric eel (Spider:4)
  6 howler monkeys
  5 hounds
  10 orc priests
  4 iguanas
  18 orc wizards
  5 sleepcaps
  A hell rat (Lair:5)
  3 nameless horrors
  8 mummies (Ossuary)
  29 gnolls
  6 adders
  A shadow imp (D:7)
  5 worms
  4 dart slugs
  44 orcs
  8 ball pythons
  7 bats
  6 endoplasms
  2 giant cockroaches
  2 gnoll zombies (Ossuary)
  9 goblins
  3 hobgoblins
  7 jackals
  5 quokkas
  6 frilled lizards
  3 hobgoblin zombies (Ossuary)
  29 kobolds
  2 kobold zombies (Ossuary)
  An orc zombie (Ossuary)
  9 rats
  4 aspiring fleshes
  A spectral weapon (Depths:4)
  2 tentacles (Shoals:4)
1459 creatures vanquished.

Vanquished Creatures (collateral kills)
  3 dread liches (Zot:5)
  4 ancient liches (Zot:5)
  2 orbs of fire
  6 caustic shrikes
  3 Killer Klowns
  5 golden dragons
  A curse toe (Zot:4)
  An electric golem (Zot:5)
  A hellephant (Zot:4)
  21 Orb Guardians
  8 tentacled monstrosities
  4 quicksilver dragons
  A sphinx (Vaults:4)
  A deep elf blademaster (Elf:3)
  4 death cobs
  7 storm dragons
  7 acid blobs
  Aizul (Elf:1)
  4 shadow dragons
  2 draconian monks
  2 protean progenitors
  3 frost giants
  4 azure jellies
  A fire giant (Depths:3)
  8 rockslimes
  6 draconian knights
  3 vault wardens (Vaults:1)
  7 deep elf sorcerers (Elf:3)
  Louise (Shoals:4)
  2 draconian shifters (Zot:4)
  6 draconian scorchers
  3 deep elf elementalists (Elf:3)
  4 draconian stormcallers
  6 ironbound preservers
  2 spriggan defenders
  7 draconian annihilators
  A war gargoyle (Vaults:3)
  A cacodemon (Zot:5)
  2 quicksilver oozes (Slime:5)
  3 very ugly things
  5 stone giants
  3 ironbound thunderhulks
  4 deep elf demonologists (Elf:3)
  4 deep elf annihilators
  4 black draconians
  A vampire knight (Depths:4)
  2 deep elf death magi (Elf:3)
  3 green draconians
  2 dire elephants (Vaults:2)
  3 red draconians
  A spark wasp (Depths:4)
  5 white draconians
  8 yellow draconians
  2 purple draconians
  5 ettins
  A merfolk javelineer (Shoals:4)
  A merfolk impaler (Shoals:4)
  3 yaktaur captains (Vaults:2)
  A deep elf high priest (Elf:3)
  A spectral kraken (Shoals:4)
  7 fire dragons
  2 vault guards
  5 ice dragons
  2 ghost crabs (Shoals:4)
  4 great orbs of eyes
  4 spriggan air magi
  A hell beast (Depths:2)
  A juggernaut simulacrum (Depths:2)
  A peacekeeper (Vaults:1)
  2 ironbound frosthearts
  A centaur warrior (Vaults:4)
  20 dancing weapons
  A boulder beetle (Vaults:1)
  A death yak (Shoals:2)
  5 satyrs (Shoals:4)
  5 deep troll earth magi
  2 tengu warriors (Depths:4)
  4 hell hogs
  4 nameless horrors
  6 deep troll shamans
  3 spriggan berserkers
  An orc high priest (Elf:2)
  9 deep elf knights
  6 sun demons
  8 iron trolls
  Sonja (D:11)
  2 fire crabs (Zot:4)
  A goliath frog (Zot:4)
  A soul eater (Vaults:3)
  A sea snake (Shoals:4)
  24 deep trolls
  6 arcanists
  9 ironbound convokers
  2 deep elf archers (Elf:2)
  2 necromancers
  6 lindwurms (Vaults:1)
  13 deep elf zephyrmancers
  6 harpies
  An orc knight (Vaults:1)
  3 phantasmal warriors
  9 deep elf pyromancers
  13 ugly things
  A fire giant zombie (Depths:2)
  4 shining eyes
  A faun (Shoals:4)
  A cyclops (Shoals:4)
  2 manticores (Shoals:4)
  9 moths of wrath
  5 vault sentinels
  An orange demon (Zot:5)
  2 merfolk sirens (Shoals:4)
  2 eyes of devastation (Depths:3)
  A molten gargoyle (Depths:2)
  A torpor snail (shapeshifter) (Depths:2)
  3 water nymphs (Shoals:4)
  9 yaktaurs
  2 freezing wraiths
  3 tengu conjurers
  A spectral water nymph (Shoals:4)
  A spectral harpy (Shoals:4)
  2 merfolk (Shoals:4)
  A wind drake (Shoals:4)
  A hornet (Depths:4)
  A spectral merfolk (Shoals:4)
  3 glass eyes
  4 snapping turtles
  41 slime creatures
  5 dream sheep
  A jumping spider (Spider:1)
  A spriggan (Depths:4)
  A wraith (Vaults:3)
  3 water elementals
  2 fire elementals
  A golden eye (Depths:2)
  An elf skeleton (Vaults:2)
  A redback (Spider:1)
  An ogre zombie (Vaults:2)
  2 spectral snapping turtles (Shoals:4)
  An orc warrior (Elf:2)
  A glowing shapeshifter simulacrum (Depths:3)
  An orc (D:8)
  42 boulders
588 creatures vanquished.

Vanquished Creatures (others)
  19 eldritch tentacles
  A draconian shifter (Zot:4)
  A black draconian (Zot:4)
  A white draconian (Zot:5)
  A sea snake (Shoals:4)
  A deep elf zephyrmancer (Elf:2)
  A shadow dragon simulacrum (Depths:3)
  A slime creature (D:12)
  A bullfrog (Lair:4)
  38 boulders
  6 tentacles (Shoals:4)
71 creatures vanquished.

Grand Total: 2118 creatures vanquished

Notes
Turn   | Place    | Note
-------+----------+-------------------------------------------
     0 | D:1      | Daunt the Formicid Earth Elementalist began the quest for
                  | the Orb.
     0 | D:1      | Reached XP level 1. HP: 13/13 MP: 3/3
    70 | D:1      | Reached XP level 2. HP: 16/20 MP: 0/5
   265 | D:1      | Reached skill level 1 in Fighting
   373 | D:1      | Reached XP level 3. HP: 26/26 MP: 3/6
  1254 | D:2      | Learned a level 2 spell: Passwall
  1366 | D:2      | Reached XP level 4. HP: 32/32 MP: 6/8
  1859 | D:2      | Found Ysil's Antique Armour Boutique.
  2292 | D:2      | Reached skill level 3 in Spellcasting
  2292 | D:2      | Reached skill level 5 in Earth Magic
  2442 | D:2      | Reached XP level 5. HP: 38/38 MP: 7/9
  2596 | D:3      | Identified the +0 ring mail of Ru's Outrage {Str+3 Dex+2}
  2732 | D:3      | Found Fas Misois's Jewellery Emporium.
  2791 | D:3      | Found a runed translucent door.
  2792 | D:3      | Noticed Crazy Yiuf
  2993 | D:4      | Reached XP level 6. HP: 34/46 MP: 4/11
  3255 | D:4      | Learned a level 3 spell: Stone Arrow
  3497 | D:4      | Noticed an ogre
  3541 | D:4      | Noticed Sigmund
  3964 | D:3      | Found a white marble altar of Elyvilon.
  4401 | D:4      | Killed an ogre
  4402 | D:4      | Reached skill level 1 in Conjurations
  4466 | D:5      | Entered Level 5 of the Dungeon
  4479 | D:5      | Found a radiant altar of Vehumet.
  4498 | D:5      | Became a worshipper of Vehumet
  4524 | D:5      | Noticed an ogre
  4587 | D:5      | Reached XP level 7. HP: 50/52 MP: 8/12
  4847 | D:5      | Reached skill level 4 in Spellcasting
  4929 | D:5      | Found a shadowy altar of Dithmenos.
  5407 | D:5      | Reached XP level 8. HP: 60/60 MP: 10/14
  5450 | D:6      | Identified a scroll of acquirement
  5456 | D:6      | Found an ancient bone altar of Kikubaaqudgha.
  5517 | D:6      | Reached * piety under Vehumet
  5517 | D:6      | Offered knowledge of Freeze by Vehumet.
  5693 | D:6      | Found a sand-covered staircase.
  5711 | Ossuary  | Entered an ossuary
  6251 | D:2      | Bought a runed robe for 96 gold pieces
  6415 | D:6      | Reached skill level 5 in Spellcasting
  6558 | D:6      | Noticed Pikel
  6674 | D:6      | Killed Pikel
  6675 | D:6      | Reached skill level 5 in Fighting
  6675 | D:6      | Reached skill level 5 in Conjurations
  6675 | D:6      | Reached skill level 1 in Evocations
  6675 | D:6      | Reached XP level 9. HP: 55/68 MP: 6/16
  6779 | D:6      | Reached skill level 6 in Spellcasting
  6779 | D:6      | Reached skill level 10 in Earth Magic
  6779 | D:6      | Reached XP level 10. HP: 77/77 MP: 16/19
  6785 | D:6      | Learned a level 4 spell: Brom's Barrelling Boulder
  6827 | D:6      | Offered knowledge of Momentum Strike by Vehumet.
  6961 | D:6      | Reached ** piety under Vehumet
  7343 | D:7      | Noticed Joseph
  7530 | D:7      | Noticed Jeremiah
  7546 | D:7      | Killed Jeremiah
  7819 | D:7      | Found a staircase to the Ecumenical Temple.
  8041 | D:7      | Killed Joseph
  8376 | D:8      | Reached skill level 1 in Armour
  8376 | D:8      | Reached XP level 11. HP: 40/84 MP: 18/21
  8482 | D:8      | Reached skill level 7 in Spellcasting
  8605 | D:8      | Offered knowledge of Volatile Blastmotes by Vehumet.
  8851 | D:8      | Found a burning altar of Makhleb.
  8978 | D:8      | Found a glowing silver altar of Zin.
  8980 | D:8      | Found an ancient bone altar of Kikubaaqudgha.
  8980 | D:8      | Found an ancient bone altar of Kikubaaqudgha.
  8982 | D:8      | Found a broken altar of Ashenzari.
  8982 | D:8      | Found a burning altar of Makhleb.
  8982 | D:8      | Found a shimmering altar of Xom.
  9080 | D:9      | Found a staircase to the Orcish Mines.
  9163 | D:9      | Reached *** piety under Vehumet
  9250 | D:9      | Found a sacrificial altar of Ru.
  9275 | D:9      | Found a large runed translucent door.
  9276 | D:9      | Found a large runed translucent door.
  9423 | D:9      | Noticed a two-headed ogre
  9424 | D:9      | Reached skill level 5 in Evocations
  9467 | D:9      | Learned a level 4 spell: Iskenderun's Mystic Blast
  9579 | D:9      | Killed a two-headed ogre
  9657 | D:9      | Reached skill level 5 in Dodging
  9701 | D:9      | Found a basalt altar of Yredelemnul.
  9772 | D:9      | Offered knowledge of Mephitic Cloud by Vehumet.
 10041 | D:9      | Found a broken altar of Ashenzari.
 10087 | D:9      | Acquired the staff of the Warrior {rElec Dex+4 Tloc Tmut
                  | Earth}
 10250 | D:4      | Killed Sigmund
 10609 | D:10     | Entered Level 10 of the Dungeon
 10684 | D:10     | Noticed a two-headed ogre
 10721 | D:10     | Killed a two-headed ogre
 10855 | D:10     | Found a staircase to the Lair.
 10874 | D:10     | HP: 4/87 [ice beast (9)]
 10877 | D:10     | You fall into a shaft and drop 3 floors!
 11148 | D:13     | Noticed Frances
 11303 | D:13     | Noticed a skeletal warrior
 11391 | D:12     | Noticed a cyan ugly thing
 11433 | D:12     | Noticed a cyclops
 11654 | D:11     | Reached XP level 12. HP: 38/94 MP: 18/22
 12209 | D:10     | Found a stormy altar of Qazlal.
 12309 | D:10     | Found a blossoming altar of Fedhas.
 12481 | D:11     | Noticed a two-headed ogre
 12505 | Lair:1   | Entered Level 1 of the Lair of Beasts
 12728 | Lair:1   | Reached **** piety under Vehumet
 13108 | Lair:1   | Noticed a boulder beetle
 13120 | Lair:1   | Killed a boulder beetle
 13120 | Lair:1   | Offered knowledge of Ignite Poison by Vehumet.
 13175 | Lair:1   | Found the +3 pair of seven-league boots {Rampage+∞}
 13177 | Lair:1   | Noticed a boulder beetle
 13191 | Lair:1   | Killed a boulder beetle
 13615 | Lair:2   | Reached skill level 10 in Fighting
 13622 | Lair:2   | Found a staircase to the Shoals.
 13790 | Lair:2   | Noticed a catoblepas
 13813 | Lair:2   | Killed a catoblepas
 13814 | Lair:2   | Reached XP level 13. HP: 105/106 MP: 6/23
 13869 | Lair:2   | Found a hole to the Spider Nest.
 15210 | D:3      | Bought the ring of Laloz {rF+ Str+4 Int+3} for 467 gold
                  | pieces
 15570 | Lair:3   | Reached skill level 1 in Shields
 15681 | Lair:3   | Reached skill level 1 in Translocations
 16578 | Lair:4   | Reached skill level 5 in Shields
 16607 | Lair:4   | Found a viscous altar of Jiyva.
 16607 | Lair:4   | Found a staircase to the Slime Pits.
 16778 | Lair:5   | Entered Level 5 of the Lair of Beasts
 16950 | Lair:5   | Reached ***** piety under Vehumet
 16970 | Lair:5   | Offered knowledge of Irradiate by Vehumet.
 16977 | Lair:5   | Learned a level 5 spell: Irradiate
 16994 | Lair:5   | Reached XP level 14. HP: 113/115 MP: 6/24
 17385 | Lair:5   | Reached skill level 5 in Transmutations
 17423 | Lair:5   | Reached skill level 10 in Shields
 17467 | Lair:5   | Found an ornate altar of the Wu Jian Council.
 18816 | D:9      | Found a hide-covered altar of Uskayaw.
 18826 | D:9      | Found a bloodstained altar of Trog.
 19071 | D:11     | Found Qonumm's Book Shoppe.
 19347 | D:11     | Noticed Sonja
 19361 | D:11     | Killed Sonja
 19485 | D:12     | Reached XP level 15. HP: 124/124 MP: 11/26
 19728 | D:12     | Reached skill level 8 in Spellcasting
 19729 | D:12     | Identified the +5 mace of the Assorted Beggars {drain,
                  | Str+2}
 20012 | D:12     | Identified the +5 orcbow of the Establishment {antimagic,
                  | Str+2}
 20448 | D:13     | Reached skill level 5 in Armour
 20642 | D:13     | Killed Frances
 20726 | D:13     | Offered knowledge of Eringya's Noxious Bog by Vehumet.
 20838 | D:13     | Noticed Kirke
 21438 | D:13     | Noticed a sphinx
 21440 | D:13     | Killed Kirke
 21518 | D:14     | Noticed an ironbound preserver
 21532 | D:14     | Killed an ironbound preserver
 21568 | D:14     | Found a gate to the Vaults.
 21685 | D:14     | Found Xaodgh's Weapon Shoppe.
 22627 | D:15     | Entered Level 15 of the Dungeon
 22627 | D:15     | Found Ugaeboj's Antique Weapon Shop.
 22694 | D:15     | Found Uloferar's Antique Armour Shop.
 22779 | D:15     | Reached XP level 16. HP: 134/134 MP: 15/28
 23365 | D:15     | Found Niuczak's Magic Scroll Boutique.
 23373 | D:15     | Bought a scroll of acquirement for 832 gold pieces
 23373 | D:15     | Bought a scroll of identify for 32 gold pieces
 23424 | D:15     | Found Veic's Book Shop.
 23561 | D:15     | Found a staircase to the Depths.
 23642 | D:15     | Reached skill level 15 in Fighting
 23731 | D:15     | Found Odioloz's Weapon Shop.
 23897 | Orc:1    | Entered Level 1 of the Orcish Mines
 24225 | Orc:1    | Offered knowledge of Fireball by Vehumet.
 24732 | Orc:2    | Entered Level 2 of the Orcish Mines
 24764 | Orc:2    | Found a staircase to the Elven Halls.
 25328 | Orc:2    | Reached skill level 10 in Dodging
 25734 | Orc:2    | Found Anliadorch's Book Shoppe.
 25734 | Orc:2    | Found Ybunn's Jewellery Boutique.
 25736 | Orc:2    | Found Qiocson's General Store.
 25736 | Orc:2    | Found Touttios's Book Shoppe.
 25964 | D:11     | Bought a There-And-Back Book for 360 gold pieces
 26048 | Orc:2    | Bought a book of Power for 462 gold pieces
 26054 | Orc:2    | Learned a level 5 spell: Iskenderun's Battlesphere
 26061 | Orc:2    | Learned a level 6 spell: Bombard
 26206 | Spider:1 | Entered Level 1 of the Spider Nest
 26887 | Spider:1 | Reached ****** piety under Vehumet
 26887 | Spider:1 | Offered knowledge of Starburst by Vehumet.
 27571 | Spider:1 | Reached XP level 17. HP: 142/142 MP: 18/29
 27809 | Spider:1 | Reached skill level 9 in Spellcasting
 28559 | Spider:2 | Reached skill level 10 in Conjurations
 28723 | Spider:2 | Acquired a +2 pair of boots of flying
 28841 | Spider:2 | Offered knowledge of Arcjolt by Vehumet.
 30612 | Spider:3 | Reached skill level 1 in Summonings
 30805 | Spider:3 | Reached skill level 10 in Spellcasting
 30989 | Spider:3 | Reached XP level 18. HP: 104/151 MP: 24/32
 31266 | Spider:4 | Entered Level 4 of the Spider Nest
 31266 | Spider:4 | Noticed Arachne
 31279 | Spider:3 | Killed Arachne
 31595 | Spider:4 | Reached skill level 5 in Translocations
 31780 | Spider:4 | Reached skill level 5 in Summonings
 32656 | Spider:4 | Noticed Nikola
 32673 | Spider:4 | Killed Nikola
 32714 | Spider:4 | Noticed Bai Suzhen
 32833 | Spider:4 | Killed Bai Suzhen
 33148 | Spider:4 | Identified the +5 ring mail of the Pits of Slime {rC+ rN+
                  | Slay-3 SInv}
 33703 | Spider:4 | Learned a level 4 spell: Passage of Golubria
 34302 | Spider:4 | Reached skill level 11 in Spellcasting
 34962 | Spider:4 | Got a gossamer rune of Zot
 35166 | Shoals:1 | Entered Level 1 of the Shoals
 35799 | Lair:2   | Offered knowledge of Lee's Rapid Deconstruction by Vehumet.
 36863 | Shoals:1 | Reached XP level 19. HP: 157/157 MP: 25/34
 36881 | Shoals:1 | Reached skill level 12 in Spellcasting
 37199 | Shoals:2 | Found Vorph's Weapon Emporium.
 37200 | Shoals:2 | Noticed Polyphemus
 37608 | Shoals:2 | Reached skill level 10 in Summonings
 38447 | Shoals:2 | Killed Polyphemus
 39651 | Shoals:3 | Offered knowledge of Maxwell's Capacitive Coupling by
                  | Vehumet.
 39704 | Shoals:3 | Learned a level 7 spell: Spellforged Servitor
 40046 | Shoals:4 | Entered Level 4 of the Shoals
 41006 | Shoals:4 | Noticed Louise
 41612 | Shoals:4 | Reached XP level 20. HP: 164/164 MP: 24/36
 41641 | Shoals:4 | Got a barnacled rune of Zot
 42276 | Shoals:4 | Killed Louise
 42743 | Vaults:1 | Entered Level 1 of the Vaults
 42840 | D:11     | Bought a book of Iron for 384 gold pieces
 42847 | D:11     | Learned a level 5 spell: Lee's Rapid Deconstruction
 43658 | Vaults:1 | Reached skill level 13 in Spellcasting
 43828 | Vaults:1 | Identified the +4 dagger of Beogh's Delight {venom, rC+
                  | Int+2 SInv Stlth+}
 43871 | Vaults:1 | Got the Volume of the Vitriolic Flock
 44949 | Vaults:1 | Identified the +3 morningstar of Ravage {heavy, SInv}
 45334 | Vaults:2 | Found Becweph's Armour Shoppe.
 45976 | Vaults:2 | Reached XP level 21. HP: 171/171 MP: 25/38
 46228 | Vaults:2 | Offered knowledge of Lehudib's Crystal Spear by Vehumet.
 46228 | Vaults:2 | Offered knowledge of Fire Storm by Vehumet.
 46228 | Vaults:2 | Offered knowledge of Shatter by Vehumet.
 47058 | Vaults:2 | Found Kaironi's Armour Shop.
 47487 | Vaults:3 | Reached skill level 14 in Spellcasting
 47941 | Vaults:3 | Reached skill level 15 in Summonings
 48005 | Vaults:3 | Found a staircase to the Crypt.
 48250 | Vaults:3 | Found a gateway to a bazaar.
 48470 | Vaults:3 | Found a portal to a secret trove of treasure.
 48686 | Vaults:3 | Found the +7 hand cannon "Mule" {flame, backblast, rF+}
 49064 | Vaults:4 | Learned a level 8 spell: Lehudib's Crystal Spear
 49788 | Vaults:4 | Upgraded the game from 0.31-a0-1237-gabc64e778c to
                  | 0.31-a0-1278-g11c5b68f87
 50056 | Vaults:4 | Noticed Mennas
 50069 | Vaults:4 | Killed Mennas
 50070 | Vaults:4 | Reached XP level 22. HP: 96/178 MP: 24/40
 50438 | Vaults:4 | Reached skill level 15 in Spellcasting
 50867 | Depths:1 | Entered Level 1 of the Depths
 51319 | Depths:1 | Found a gateway to Hell.
 51424 | Depths:1 | Found an ancient bone altar of Kikubaaqudgha.
 51829 | Depths:1 | Found a one-way gateway to a ziggurat.
 51951 | Depths:1 | Found a one-way gate to the infinite horrors of the Abyss.
 52129 | Depths:2 | Reached skill level 15 in Shields
 52151 | Depths:2 | Found a stormy altar of Qazlal.
 52187 | Depths:2 | Noticed a golden dragon
 52467 | Depths:2 | Killed a golden dragon
 52576 | Depths:2 | Reached skill level 10 in Evocations
 52657 | Depths:2 | Found a transporter.
 52751 | Depths:2 | Found a transporter.
 52967 | Depths:2 | Found a one-way gate leading to the halls of Pandemonium.
 53122 | Depths:2 | Reached skill level 10 in Armour
 53611 | Depths:3 | Noticed a caustic shrike
 53613 | Depths:3 | Noticed a caustic shrike
 53613 | Depths:3 | Noticed a caustic shrike
 53614 | Depths:3 | Killed a caustic shrike
 53615 | Depths:3 | Noticed a caustic shrike
 53797 | Depths:3 | Noticed a caustic shrike
 53797 | Depths:3 | Identified the amulet "Fofik" {Acrobat ^Fragile Slay+5}
 53817 | Depths:3 | Noticed a caustic shrike
 53827 | Depths:2 | Killed a caustic shrike
 53892 | Depths:3 | Identified the ring of Hoesemi {Ice rElec rN+ rCorr}
 53892 | Depths:3 | Noticed Josephina
 53898 | Depths:3 | Noticed a caustic shrike
 54215 | Depths:2 | Killed a caustic shrike
 54607 | Depths:2 | Reached XP level 23. HP: 177/183 MP: 39/42
 54621 | Depths:2 | Killed a caustic shrike
 54623 | Depths:2 | Killed a caustic shrike
 55429 | Depths:2 | Killed a caustic shrike
 55551 | Depths:3 | Killed Josephina
 55669 | Depths:3 | Killed a caustic shrike
 56094 | Depths:3 | Reached skill level 10 in Translocations
 56679 | Depths:3 | Found a basalt altar of Yredelemnul.
 57220 | Depths:4 | Entered Level 4 of the Depths
 57694 | Depths:4 | Learned a level 6 spell: Dispersal
 57872 | Depths:4 | Reached skill level 16 in Spellcasting
 58340 | Depths:4 | Found a gate to the Realm of Zot.
 58396 | Depths:4 | Noticed a golden dragon
 58398 | Depths:4 | Killed a golden dragon
 58399 | Depths:4 | Reached XP level 24. HP: 183/191 MP: 24/43
 58539 | Depths:4 | Noticed a caustic shrike
 58539 | Depths:4 | Noticed a caustic shrike
 58539 | Depths:4 | Noticed a caustic shrike
 58939 | Depths:4 | Noticed a caustic shrike
 58944 | Depths:4 | Killed a caustic shrike
 58945 | Depths:4 | Noticed a caustic shrike
 58949 | Depths:4 | Killed a caustic shrike
 58952 | Depths:4 | Killed a caustic shrike
 58956 | Depths:4 | Killed a caustic shrike
 58967 | Depths:4 | Killed a caustic shrike
 59630 | Bazaar   | Entered a bazaar
 59644 | Bazaar   | Found Ulemm's Book Emporium.
 59663 | Bazaar   | Found Umeuwaoz's Assorted Antiques.
 59679 | Bazaar   | Found Quges's Magic Scroll Emporium.
 59713 | Bazaar   | Bought a scroll of amnesia for 36 gold pieces
 59713 | Bazaar   | Bought a scroll of fog for 36 gold pieces
 60253 | Slime:1  | Entered Level 1 of the Pits of Slime
 61546 | Slime:5  | Entered Level 5 of the Pits of Slime
 62054 | Slime:5  | Noticed the Royal Jelly
 62076 | Slime:5  | Killed the Royal Jelly
 62528 | Slime:5  | Identified the +2 acid dragon scales of the Sun {rN++
                  | Regen+ rCorr Slay-4}
 62556 | Slime:5  | Identified the +9 flail of Chaos {freeze, SInv}
 62563 | Slime:5  | Got the Atlas of Flinty Malisons
 62579 | Slime:5  | Identified the staff of the End {rC- rN+ Dex+2 Summ Necro}
 62584 | Slime:5  | Got a slimy rune of Zot
 62597 | Slime:5  | Got Vackeneo's Codex of Conflagration and the Commander
 62615 | Slime:5  | Identified the ring "Qoeliph" {rElec rPois rN+ Slay-2}
 62633 | Slime:5  | Identified the staff of the Beginning {rPois Int+5 Stlth-
                  | Poison}
 63204 | Elf:1    | Entered Level 1 of the Elven Halls
 63410 | Elf:1    | Identified the serpent talisman of the Hidden Dreams {rF+
                  | Dex+4}
 63410 | Elf:1    | Noticed Aizul
 63425 | Elf:1    | Killed Aizul
 64144 | Elf:1    | Got the Quarto of Concussion
 64203 | Elf:2    | Reached XP level 25. HP: 193/197 MP: 17/43
 64348 | Elf:2    | Reached skill level 15 in Armour
 64627 | Elf:2    | Found a huge runed translucent gate.
 64627 | Elf:2    | Found a huge runed translucent gate.
 64638 | Elf:2    | Found a huge runed translucent gate.
 64758 | Elf:2    | Found a huge runed translucent gate.
 64758 | Elf:2    | Found a huge runed translucent gate.
 65257 | Elf:3    | Entered Level 3 of the Elven Halls
 65349 | Elf:3    | Found Xehim's Magic Scroll Boutique.
 65358 | Elf:3    | Bought a scroll of butterflies for 48 gold pieces
 65870 | Elf:3    | Reached skill level 17 in Spellcasting
 66032 | Elf:3    | Identified the +9 lajatang of Gon Icev {flame, Str+2}
 66032 | Elf:3    | Identified the ring "Hynuecibb" {Ice Fly rPois rCorr Int-3}
 66035 | Elf:3    | Identified the ring of Yrote {rC+ EV+5 Str+2}
 66037 | Elf:3    | Identified the +9 mace "Onloafe" {heavy, Fly Int+2}
 66350 | Elf:3    | Identified the +6 war axe of Ebonoruo {drain, rC+}
 66350 | Elf:3    | Identified the +0 leather armour of Biurafieq {rElec Regen+
                  | Int+3}
 67037 | Zot:1    | Entered Level 1 of the Realm of Zot
 67037 | Zot:1    | Noticed a dread lich
 67037 | Zot:1    | Noticed a Killer Klown
 67037 | Zot:1    | Noticed a Killer Klown
 67040 | Zot:1    | Noticed a Killer Klown
 67041 | Zot:1    | Noticed a Killer Klown
 67114 | Depths:4 | Killed a Killer Klown
 67118 | Depths:4 | Killed a Killer Klown
 67172 | Depths:4 | Killed a dread lich
 67173 | Depths:4 | Reached skill level 15 in Conjurations
 67292 | Depths:4 | Killed a Killer Klown
 67314 | Zot:1    | Killed a Killer Klown
 67606 | Zot:1    | Reached XP level 26. HP: 207/207 MP: 31/44
 70072 | Zot:3    | Noticed a Killer Klown
 70087 | Zot:3    | Killed a Killer Klown
 70277 | Zot:4    | Noticed an orb of fire
 70282 | Zot:4    | Noticed an orb of fire
 70285 | Zot:4    | Killed an orb of fire
 70286 | Zot:4    | Killed an orb of fire
 70316 | Zot:4    | Noticed a curse toe
 70488 | Zot:4    | Killed a curse toe
 70968 | Zot:4    | Acquired a book of the Senses
 70970 | Zot:4    | Acquired a Grand Grimoire
 70972 | Zot:4    | Acquired the amulet of Lefyuhise {Reflect Int+4 SH+5}
 70985 | Zot:4    | Learned a level 7 spell: Malign Gateway
 71714 | Zot:5    | Entered Level 5 of the Realm of Zot
 71824 | Zot:5    | Reached XP level 27. HP: 199/202 MP: 27/44
 72301 | Zot:5    | Noticed a dread lich
 72315 | Zot:5    | Killed a dread lich
 72434 | Zot:5    | Noticed a dread lich
 72439 | Zot:5    | Noticed a Killer Klown
 72440 | Zot:5    | Killed a dread lich
 72447 | Zot:5    | Killed a Killer Klown
 72448 | Zot:5    | Reached skill level 15 in Translocations
 72467 | Zot:5    | Noticed a dread lich
 72479 | Zot:5    | Killed a dread lich
 72715 | Zot:5    | Noticed an orb of fire
 72723 | Zot:5    | Killed an orb of fire
 72865 | Zot:5    | Noticed an ancient lich
 72886 | Zot:5    | Killed an ancient lich
 72988 | Zot:5    | Noticed an ancient lich
 72995 | Zot:5    | Killed an ancient lich
 73030 | Zot:5    | Noticed an ancient lich
 73038 | Zot:5    | Killed an ancient lich
 73053 | Zot:5    | Noticed an orb of fire
 73064 | Zot:5    | Gained mutation: Your spells are a little easier to cast,
                  | but a little less powerful. [an orb of fire]
 73072 | Zot:5    | Killed an orb of fire
 73073 | Zot:5    | Reached skill level 18 in Spellcasting
 73230 | Zot:5    | Noticed a dread lich
 73239 | Zot:5    | Killed a dread lich
 73421 | Zot:5    | Noticed a Killer Klown
 73436 | Zot:5    | Killed a Killer Klown
 73472 | Zot:5    | Noticed an ancient lich
 73479 | Zot:5    | Killed an ancient lich
 73501 | Zot:5    | Noticed a dread lich
 73505 | Zot:5    | Killed a dread lich
 73608 | Zot:5    | Noticed a dread lich
 73619 | Zot:5    | Killed a dread lich
 74029 | Zot:5    | Identified the +9 plate armour of Igyosuat {Dex+3}
 74464 | Zot:5    | Got the Orb of Zot
 74602 | Zot:3    | Reached skill level 19 in Spellcasting
 74689 | Depths:3 | Noticed Ytilem the pandemonium lord
 74837 | D:12     | Noticed Mauxzoi the pandemonium lord
 75046 | D:$      | Escaped with the Orb!

Illustrated notes

Levels and vault maps discovered:
D:1:      amcnicky_arrival_blooded_trapdoor, layout_basic
D:2:      layout_loops_ring, serial_shops, nicolae_shop_window_shopping,
          dreamdust_princess_bridge, kennysheep_cross_bottleneck, minmay_tall_x
D:3:      layout_loops_ring, elyvilon_altar_1, serial_shops, shop,
          uniq_crazy_yiuf_cottage
D:4:      layout_basic, hellmonk_no_cap, uniq_sigmund
D:5:      layout_cave_pools, mainiacjoe_overflow_surrounded_room,
          vehumet_altar_wand_db, minivault_14, columned_hall_lemuel,
          serial_bayou_pond_d, cheibrodos_gnoll_hut
D:6:      layout_cave_pods, mainiacjoe_overflow_cross_hatched, enter_ossuary_5,
          uniq_pikel
D:7:      layout_rooms, minmay_temple_entry_sparse_star,
          corexii_item_surrounded_by_moat, uniq_joseph, uniq_jeremiah
D:8:      layout_basic, marbit_many_paths, doesnt_xom_only_xom
D:9:      minmay_evil_eye, layout_cave_pools, mainiacjoe_overflow_chevrons,
          kennysheep_mini_moat, overflow_temple_1_default,
          jmf_multi_god_temple2, orc_0_dummy
D:10:     layout_cave_pools, grunt_temple_overflow_forces_of_nature,
          hellmonk_lair_entry_icy, minmay_misc_feat_four_crosses
D:11:     layout_gridville, serial_shops, kennysheep_mini, uniq_sonja
D:12:     layout_big_octagon, kennysheep_kite_vault
D:13:     layout_irregular_city, uniq_kirke, uniq_frances
D:14:     layout_long_grid, skrybe_vaults_entry_preservation,
          serial_bayou_pond_c, serial_shops, shop
D:15:     gammafunk_depths_entry_grave, layout_small_grid, serial_shops,
          nicolae_lakefront_shop, shop, nicolae_shop_bloodbath_and_beyond, shop,
          shop_coins, chequers_avenue
Lair:1:   layout_regular_city, hellmonk_guarded_unrand_seven_league_boots
Lair:2:   layout_cave_pods, minmay_shoals_entry_centaurs,
          nicolae_spider_entry_lesser_pyramids, lemuel_old_faithful,
          infiniplex_staircase_pool
Lair:3:   layout_regular_city, wad_woods_road_04, lemuel_fruit_tree
Lair:4:   layout_long_grid, dpeg_slime_entry_enclosed, beast_lair_carwin_3
Lair:5:   wormcave, layout_gridlike, hangedman_lair_in_review, basic_altar
Shoals:1: layout_shoals, nicolae_shoals_water_booths
Shoals:2: layout_shoals, serial_shops, shop, uniq_polyphemus
Shoals:3: layout_shoals, nicolae_shoals_arrival_archipelago
Shoals:4: shoals_end_grunt_garden, layout_shoals, nicolae_shoals_spectral_cove,
          uniq_louise
Spider:1: layout_spider_delve
Spider:2: layout_spider_delve
Spider:3: layout_spider_delve, nicolae_spider_rock_and_or_roll
Spider:4: grunt_spider_rune_circles, portal_ice_cave_entry_ice_statue_one,
          uniq_arachne, uniq_nikola, uniq_bai_suzhen
Slime:1:  layout_caves
Slime:2:  layout_caves, cheibrodos_slime_lost_civilization_6
Slime:3:  cheibrodos_slime_lost_civilization_1, layout_caves,
          nicolae_slime_rock_hall_of_fame
Slime:4:  layout_caves, nicolae_slime_round_cave
Slime:5:  slime_pit_nicolae_amoeboid
Orc:1:    nicolae_orc_accident_1, layout_caves
Orc:2:    grunt_orc_tribal_feast, layout_caves, special_room, basic_altar
Elf:1:    elf_arrival_001, layout_geoelf_diagonals, minmay_elf_sorcery,
          uniq_aizul
Elf:2:    elven_hall_of_blades_hangedman_alternative
          [nicolae_blade_entry_pointy_end], layout_geoelf_octagon,
          grunt_ministairs_8
Elf:3:    minmay_elf_hall_curves, layout_rooms, serial_shops,
          nicolae_shop_tiny_statue_garden
Vaults:1: st_hourglassy, nicolae_vaults_tetromino_Z_1, v_misc_19,
          nicolae_vaults_cochlea, nicolae_vaults_turnstiles,
          grunt_vaults_trifunnel, nicolae_vaults_network_star,
          nicolae_vaults_asterisk, nicolae_vaults_little_squares_5,
          v_alt_pattern_6, nicolae_vaults_closet_pinwheel_6,
          nicolae_vaults_border_crossing, nicolae_vaults_tangram_2,
          layout_vaults_maze, serial_glass
Vaults:2: nicolae_vaults_trapezoid_lopsided_3, st_spiral_rooms,
          nicolae_vaults_sightless_eye, nicolae_vaults_sealed_display,
          dpeg_vaults_monster_row, vaults_dpeg_doors,
          nicolae_vaults_taking_the_gang_shopping,
          nicolae_vaults_windows_and_doors_thing,
          nicolae_vaults_network_periphery, vaults_room_pool,
          nicolae_vaults_trapezoid_2, layout_vaults_big_room, serial_shops, shop
Vaults:3: minmay_crypt_entry_simple_corners,
          nicolae_vaults_offset_grid_hallway_3, vaults_mumra_chevron_long,
          nicolae_vaults_little_squares_5, nicolae_vaults_little_squares_3,
          nicolae_vaults_house_2, vaults_room_corners, vaults_room_pools,
          nicolae_vaults_yaktaur_gun_rack, nicolae_vaults_trapezoid_layered,
          layout_vaults_omnicross, enter_trove_6, serial_shops, statue_bzr
Vaults:4: hangedman_vaults_pinch, vaults_dpeg_spiral, vaults_room_corners,
          hangedman_vaults_restitches, vaults_mumra_chevron,
          hangedman_vaults_locks, nicolae_vaults_offset_grid_hallway_3,
          v_misc_18, nicolae_vaults_sesquioval_fish, nicolae_vaults_two_Ls,
          layout_vaults_ring, uniq_mennas
Depths:1: layout_gridville, enter_ziggurat_f, abyss_entry_crystal, hell_entry,
          kiku_gazebo_garden_becter
Depths:2: gammafunk_dig_for_victory, layout_gridlike,
          grunt_pan_entry_in_and_out, nicolae_qazlal_general_emergency,
          hellmouth_1, minmay_staircase_bubble
Depths:3: hangedman_arch_fort, layout_gridville,
          nicolae_hell_entry_hellmouth_sunbeams, yredelemnul_altar_generic,
          abyss_entry, uniq_josephina
Depths:4: grunt_zot_entry_alcove, layout_honeycomb, grunt_hell_entry_dis_grunt
Zot:1:    ebering_klown_carousel, layout_onion, lemuel_flame_loot_1
Zot:2:    layout_gridlike, grunt_megastairs_1
Zot:3:    layout_misc_corridors, regret_index_zotdec_twisting_globes
Zot:4:    layout_misc_corridors, regret_index_zotdec_barnacled_simple
Zot:5:    layout_misc_corridors, guppyfry_library_mini

Skill      XL: |  1  2  3  4  5  6  7  8  9 10 11 12 13 14 15 16 17 18 19 20 21 22 23 24 25 26 27 |
---------------+----------------------------------------------------------------------------------+-----
Earth Magic    | 4 5 6 8 10 11 13 | 13.0
Fighting       | 1 2 3 5 6 7 8 11 13 14 15 16 17 | 17.0
Spellcasting   | 3 4 5 6 7 8 10 11 12 13 14 15 16 17 19 | 19.0
Transmutations | 2 5 6 |  6.0
Conjurations   | 1 3 5 7 8 9 10 12 13 14 15 18 | 18.1
Dodging        | 2 4 5 7 9 10 11 13 14 | 14.3
Stealth        | 3 6 8 9 |  9.0
Evocations     | 1 4 6 8 9 10 | 10.0
Armour         | 1 4 7 8 12 14 16 | 16.3
Shields        | 6 12 15 | 15.0
Translocations | 4 6 11 12 13 15 | 15.0
Summonings     | 3 8 11 14 15 16 18 | 18.2

Action                     |  1- 3 |  4- 6 |  7- 9 | 10-12 | 13-15 | 16-18 | 19-21 | 22-24 | 25-27 || total
---------------------------+-------+-------+-------+-------+-------+-------+-------+-------+-------++-------
  Melee: Unarmed           |     9 |       |       |       |       |       |       |       |       ||     9
         Short sword       |     1 |       |       |       |       |       |       |       |       ||     1
         Staff             |       |       |       |     3 |    66 |    14 |    55 |     9 |    26 ||   173
  Throw: Dart              |       |       |       |       |     1 |       |       |       |       ||     1
         Throwing net      |       |       |       |       |       |     1 |       |       |       ||     1
   Cast: Sandblast         |    54 |    96 |    87 |   264 |   100 |    39 |    11 |    15 |    13 ||   679
         Stone Arrow       |       |     3 |     7 |    64 |   600 |   808 |   719 |   793 |   715 ||  3709
         Passwall          |       |     1 |       |       |       |       |       |       |     1 ||     2
         Brom's Barrelling |       |       |       |    61 |    57 |     4 |     2 |     2 |     4 ||   130
         Iskenderun's Myst |       |       |       |     2 |    17 |    12 |     5 |     1 |       ||    37
         Irradiate         |       |       |       |       |     8 |    14 |     5 |    14 |     6 ||    47
         Iskenderun's Batt |       |       |       |       |       |    96 |    21 |       |       ||   117
         Bombard           |       |       |       |       |       |   113 |    77 |    46 |    70 ||   306
         Passage of Golubr |       |       |       |       |       |     9 |     1 |       |     4 ||    14
         Spellforged Servi |       |       |       |       |       |       |   120 |   140 |   150 ||   410
         Lee's Rapid Decon |       |       |       |       |       |       |     3 |     3 |     1 ||     7
         Dispersal         |       |       |       |       |       |       |       |     7 |     2 ||     9
         Malign Gateway    |       |       |       |       |       |       |       |       |    19 ||    19
Ability: Dig               |       |       |       |     3 |     3 |     3 |     3 |     2 |     6 ||    20
         Shaft Self        |       |       |       |     1 |       |       |       |       |       ||     1
  Evoke: Wand              |       |     1 |     2 |     6 |     3 |    12 |     8 |       |     5 ||    37
         Box of beasts     |       |       |       |       |       |     1 |       |     1 |       ||     2
         Phantom mirror    |       |       |       |       |       |       |     1 |     2 |       ||     3
         Phial of floods   |       |       |       |       |       |       |     1 |       |     1 ||     2
         Lightning rod     |       |       |       |       |       |       |       |     4 |       ||     4
    Use: Scroll            |       |       |     8 |     1 |    15 |    10 |     2 |     2 |    13 ||    51
         Potion            |       |       |     1 |     3 |     2 |    14 |       |    11 |     5 ||    36
   Stab: Distracted        |       |       |       |       |       |       |       |     1 |     1 ||     2
 Armour: Robe              |    11 |    16 |    11 |       |       |       |       |       |       ||    38
         Troll leather arm |       |       |     4 |   111 |    95 |       |       |       |       ||   210
         Leather armour    |       |       |       |    50 |    59 |    59 |       |       |       ||   168
         Acid dragon scale |       |       |       |       |       |   357 |       |    28 |   326 ||   711
         Ring mail         |       |       |       |       |       |    48 |   299 |   287 |       ||   634
  Dodge: Dodged            |    19 |    14 |    10 |   248 |   176 |   675 |   380 |   311 |   295 ||  2128
  Block: Kite shield       |       |       |       |       |    73 |       |       |   291 |   228 ||   592
         Buckler           |       |       |       |       |    41 |   314 |   164 |     2 |       ||   521

Table legend: (Time is in decaauts)
 A = Elapsed time spent in this place.
 B = Non-inter-level travel time spent in this place.
 C = Inter-level travel time spent in this place.
 D = Time resting spent in this place.
 E = Time spent auto-exploring this place.
 F = Levels seen in this place.
 G = Mean time per level.
                   A        B        C        D        E       F      G
               +--------+--------+--------+--------+--------+-----+--------+
         Total |  75635 |  67718 |   7917 |  23183 |  23756 |  53 | 1427.1 |
       Dungeon |  19503 |  16337 |   3166 |   3890 |   7246 |  15 | 1300.2 |
          Lair |   7742 |   6760 |    982 |   1888 |   2941 |   5 | 1548.4 |
        Shoals |   6727 |   6366 |    361 |   2266 |   2014 |   4 | 1681.8 |
   Spider Nest |   8219 |   7827 |    392 |   4394 |   1214 |   4 | 2054.8 |
    Slime Pits |   2808 |   2714 |     94 |    857 |    634 |   5 |  561.6 |
  Orcish Mines |   2096 |   1919 |    177 |    409 |    823 |   2 | 1048.0 |
   Elven Halls |   3595 |   3330 |    265 |    641 |   1548 |   3 | 1198.3 |
        Vaults |   7880 |   7033 |    847 |   2722 |   2663 |   4 | 1970.0 |
        Depths |   9174 |   7983 |   1191 |   4141 |   2036 |   4 | 2293.5 |
           Zot |   7366 |   6928 |    438 |   1852 |   2466 |   5 | 1473.2 |
        Bazaar |    100 |    100 |      0 |      0 |     76 |   1 |  100.0 |
       Ossuary |    418 |    418 |      0 |    123 |     93 |   1 |  418.0 |
               +--------+--------+--------+--------+--------+-----+--------+

Top non-repeatable levels by time:
Depths:2: 4013 daAuts
   Zot:5: 2620 daAuts
  Lair:2: 2487 daAuts
Vaults:1: 2362 daAuts
Spider:3: 2315 daAuts
Spider:4: 2268 daAuts
Depths:4: 2207 daAuts
Vaults:2: 2174 daAuts
Spider:2: 2027 daAuts
    D:14: 1922 daAuts
Shoals:1: 1877 daAuts
  Lair:5: 1874 daAuts
Shoals:3: 1820 daAuts
Shoals:4: 1732 daAuts
Vaults:3: 1696 daAuts
